 Dungeon Crawl Stone Soup version 0.19.0-24-gb05acd6 (webtiles) character file.

4 cobratbq the Grave Robber (level 1, 0/13 HPs)
             Began as a Vampire Necromancer on Nov 20, 2016.
             Slain by a kobold
             ... wielding a +0 short sword
              (4 damage)
             ... on level 2 of the Dungeon.
             The game lasted 00:09:53 (551 turns).

cobratbq the Grave Robber (Vampire Necromancer)      Turns: 551, Time: 00:09:53

Health: 0/13       AC:  4    Str:  7    XL:     1   Next: 50%
Magic:  3/3        EV: 12    Int: 17    God:
Gold:   62         SH:  0    Dex: 14    Spells: 2 memorised, 2 levels left

rFire  . . .     SeeInvis +     e - +0 dagger
rCold  . . .     Gourm    .     k - +0 robe
rNeg   + . .     Faith    .     (no shield)
rPois  .         Spirit   .     (no helmet)
rElec  .         Reflect  .     (no cloak)
rCorr  .         Harm     .     o - +1 pair of gloves
MR     .....                    (no boots)
Stlth  ++........               (no amulet)
                                (no ring)
                                (no ring)

@: no status effects
A: fangs 3, see invisible, unbreathing
a: no special abilities


You were on level 2 of the Dungeon.
You were not thirsty.

You visited 1 branch of the dungeon, and saw 2 of its levels.

You collected 62 gold pieces.

Inventory:

Hand Weapons
 e - a +0 dagger (weapon)
 m - a cursed -2 whip
Armour
 a - a +0 robe
 k - a +0 robe (worn)
 o - a +1 pair of gloves (worn)
Scrolls
 d - a scroll of teleportation {unknown}
 h - a scroll of amnesia {unknown}
 i - a scroll of identify {unknown}
 n - 3 scrolls of magic mapping {unknown}
Potions
 c - a potion of blood
 j - a potion of resistance {unknown}
 l - 2 potions of curing {unknown}
 p - a potion of heal wounds {unknown}
Books
 b - a book of Necromancy

   Spells                             Type                      Level
   a - Pain                           Necromancy                   1
   b - Animate Skeleton               Necromancy                   1
   c - Vampiric Draining              Necromancy                   3
   d - Regeneration                   Charms/Necromancy            3
   e - Animate Dead                   Necromancy                   4
   f - Control Undead                 Necromancy                   4
Comestibles
 f - a bread ration
 g - 2 meat rations


   Skills:
 + Level 2.1 Dodging
 + Level 3.0 Stealth
 + Level 2.0 Spellcasting
 + Level 4.6 Necromancy


You had 2 spell levels left.
You knew the following spells:

 Your Spells              Type           Power        Failure   Level  Hunger
a - Pain                  Necr           ###.         2%          1    #......
b - Animate Skeleton      Necr           N/A          2%          1    #......


Dungeon Overview and Level Annotations

Branches:
Dungeon (1/15)

Altars:


Innate Abilities, Weirdness & Mutations

You have razor-sharp teeth.
You have supernaturally acute eyesight. (SInv)
You can survive without breathing.


Message History

The kobold shouts!
You hit the kobold.
The kobold is moderately wounded.
The kobold hits you with a short sword.
You barely miss the kobold.
The kobold is moderately wounded.
The kobold hits you with a short sword.
You hit the kobold but do no damage.
The kobold is moderately wounded.
The kobold hits you but does no damage.
You miss the kobold.
The kobold is moderately wounded.
The kobold closely misses you.
You barely miss the kobold.
The kobold is moderately wounded.
The kobold hits you but does no damage.
You closely miss the kobold.
The kobold is moderately wounded.
The kobold hits you. The kobold hits you with a short sword.
You die...

##########
########........#
##.####..........?....#
.......................
##.####...............#
#...............#
#........@K.....#
########.K......#
#........# #?.......#
##########


You could see 2 kobolds.

Vanquished Creatures
  A giant cockroach (D:1)
  A goblin (D:1)
  A bat (D:1)
  A kobold (D:1)
4 creatures vanquished.

Notes
Turn   | Place    | Note
-------+----------+-------------------------------------------
     0 | D:1      | cobratbq the Vampire Necromancer began the quest for the Orb.
     0 | D:1      | Reached XP level 1. HP: 13/13 MP: 3/3
     6 | D:1      | Noticed a vine stalker
     6 | D:1      | Noticed a tengu
     8 | D:1      | Noticed a felid
    10 | D:1      | Noticed a ghoul
    12 | D:1      | Noticed a halfling
    12 | D:1      | Noticed a formicid
    15 | D:1      | Noticed a demigod
    15 | D:1      | Noticed an octopode
    17 | D:1      | Noticed an elf
    17 | D:1      | Noticed a vampire
    19 | D:1      | Noticed a demonspawn
    19 | D:1      | Noticed a minotaur
    21 | D:1      | Noticed a dwarf
    23 | D:1      | Noticed a gargoyle
    23 | D:1      | Noticed a troll
    25 | D:1      | Noticed a spriggan
    25 | D:1      | Noticed a merfolk
    28 | D:1      | Noticed a draconian
    28 | D:1      | Noticed a human
    30 | D:1      | Noticed a centaur
    32 | D:1      | Noticed a naga
    32 | D:1      | Noticed an ogre
   413 | D:1      | Learned a level 1 spell: Animate Skeleton
   530 | D:1      | You fall through a shaft!
   551 | D:2      | Slain by a kobold

Action                   || total
-------------------------++-------
Melee: Unarmed           ||    28
       Dagger            ||     6
       Bite              ||     3
  Eat: Corpse            ||     2
Armor: Robe              ||    19
Dodge: Dodged            ||    30
